 Dungeon Crawl Stone Soup version 0.28-a0-1447-ga5a8893891 (webtiles) character file.

Game seed: 15378035470802135434

519608 murtidash the Sorcerer (level 26, -57/195 HPs)
             Began as a Djinni Ice Elementalist on Jan 11, 2022.
             Was the Champion of Makhleb.
             Killed from afar by an ancient lich (97 damage)
             ... with a crystal spear
             ... on level 5 of the Realm of Zot.
             The game lasted 03:56:17 (70187 turns).

murtidash the Sorcerer (Djinni Ice Elementalist)   Turns: 70187, Time: 03:56:17

Health: -57/195    AC: 30    Str:  6 (7)  XL:     26   Next: 53%
Gold:   7480       EV: 10    Int: 20 (23) God:    Makhleb [******] SH:  9 Dex: 13 (16)

rFire   + + +      SeeInvis .   a - +3 Elemental Staff {rElec rF++ rC++ AC+5}
rCold   + + .      Faith    .   V - +3 buckler {AC+3}
rNeg    + + +      Spirit   .   y - +8 scale mail of Starshine {+Blink rC+}
rPois   ∞          Reflect  .   P - +2 hat
rElec   +          Harm     .   M - +2 cloak {rCorr}
rCorr   +          Rampage  .   s - +2 pair of gloves {infuse}
Will    ++++.                   (boots unavailable)
Stlth   +.........              F - amulet of regeneration {+regen, !d}
HPRegen 1.22/turn               g - ring of willpower
MPRegen 0.00/turn               O - ring "Foci Ser" {rF+ rN+++ Will+ Int-4 Stlth+}

@: about to teleport, corroded, flying, studying Staves
A: sickness immunity, fire resistance 2, cold vulnerability 1, float, innate
caster, hp casting, extra vitality 1
}: 3/15 runes: serpentine, silver, gossamer
a: Renounce Religion, Evoke Blink, Minor Destruction, Lesser Servant of Makhleb,
Major Destruction, Greater Servant of Makhleb


You were on level 5 of the Realm of Zot.
You worshipped Makhleb.
Makhleb was exalted by your worship.
You visited 9 branches of the dungeon, and saw 46 of its levels.
You also visited: Gauntlet and Volcano.

You collected 8739 gold pieces.
You spent 1259 gold pieces at shops.

Inventory:

Hand Weapons
 a - the +3 Elemental Staff (weapon) {rElec rF++ rC++ AC+5}
   (You acquired it on level 2 of the Depths)

   If the wielder is skilled in Evocations, they can discharge powerful blasts
   of elemental energy when striking with it.
   It enhances your fire, ice, earth and air magic.
   AC:        It affects your AC (+5).
   rF:        It greatly protects you from fire.
   rC:        It greatly protects you from cold.
   rElec:     It insulates you from electricity.
 b - a +7 eudemon blade of holy wrath
   (You took it off Mennas on level 3 of the Vaults)
 u - the +4 broad axe "Goaclast" {holy, rElec Dex+3}
   (You took it off a yaktaur on level 14 of the Dungeon)

   It has been blessed by the Shining One to cause great damage to the undead
   and demons.
   Dex:       It affects your dexterity (+3).
   rElec:     It insulates you from electricity.
Armour
 s - a +2 pair of gloves of infusion (worn)
   (You found it in a Gauntlet)
 y - the +8 scale mail of Starshine (worn) {+Blink rC+}
   (You found it on level 6 of the Dungeon)

   rC:        It protects you from cold.
   +Blink:    It lets you blink.
 M - a +2 cloak of preservation (worn)
   (You bought it in a shop on level 1 of the Snake Pit)
 P - a +2 hat (worn)
   (You found it on level 10 of the Dungeon)
 V - a +3 buckler of protection (worn)
   (You found it on level 3 of the Snake Pit)
Jewellery
 g - a ring of willpower (left hand)
   (You found it in a Gauntlet)
 w - a ring of positive energy {rN+}
   (You took it off an efreet on level 13 of the Dungeon)
 A - a ring of resist corrosion
   (You found it on level 5 of the Vaults)
 F - an amulet of regeneration (around neck) {+regen, !d}
   (You found it on level 2 of the Snake Pit)
 K - a ring of protection from fire {rF+, !d}
   (You found it in a Gauntlet)
 O - the ring "Foci Ser" (right hand) {rF+ rN+++ Will+ Int-4 Stlth+}
   (You found it on level 3 of the Depths)

   [ring of willpower]

   Int:       It affects your intelligence (-4).
   rF:        It protects you from fire.
   rN:        It renders you almost immune to negative energy.
   Will:      It increases your willpower.
   Stlth:     It makes you more stealthy.
 Z - a ring of protection from cold {rC+, !d}
   (You took it off a vault sentinel on level 5 of the Vaults)
Wands
 k - a wand of digging (28)
   (You found it on level 6 of the Dungeon)
 C - a wand of iceblast (44)
   (You found it on level 7 of the Dungeon)
 I - a wand of flame (43)
   (You found it on level 9 of the Dungeon)
 S - a wand of acid (10)
   (You found it on level 11 of the Dungeon)
 X - a wand of paralysis (17)
   (You found it on level 1 of the Spider Nest)
Scrolls
 c - a scroll of blinking {!r}
 d - 3 scrolls of enchant armour
 e - 7 scrolls of teleportation
 l - 14 scrolls of fear
 m - 4 scrolls of magic mapping {!r}
 r - 7 scrolls of summoning
 t - 11 scrolls of fog
 H - 3 scrolls of torment {!r}
 L - 14 scrolls of identify {@r1}
 Q - 3 scrolls of immolation {!r}
 W - 3 scrolls of holy word {!r}
 Y - 2 scrolls of silence
Potions
 h - 8 potions of lignification {!q}
 i - a potion of berserk rage {!q}
 j - 3 potions of haste
 n - 3 potions of ambrosia
 o - 8 potions of attraction {!q}
 p - 2 potions of invisibility
 v - 8 potions of brilliance
 x - 5 potions of mutation {!q}
 z - 5 potions of might
 D - 6 potions of resistance
 E - 3 potions of cancellation
 R - 19 potions of curing
Miscellaneous
 q - a phial of floods
   (You found it on level 13 of the Dungeon)
 B - a condenser vane
   (You found it on level 2 of the Orcish Mines)
 G - a box of beasts
   (You found it on level 5 of the Vaults)
 T - a lightning rod (4/4)
   (You found it on level 1 of the Spider Nest)


   Skills:
 + Level 18.4 Fighting
 - Level 12.0 Long Blades
 - Level 12.0 Armour
 + Level 14.5 Dodging
 - Level 1.5 Stealth
 + Level 9.2 Shields
 * Level 25.7 Spellcasting
 - Level 5.0 Evocations


You had 6 spell levels left.
You knew the following spells:

 Your Spells              Type           Power      Damage    Failure   Level
a - Frozen Ramparts       Ice            100%       1d12      0%          3
b - Iron Shot             Conj/Erth      57%        9d11      1%          6
c - Spider Form           Tmut/Pois      91%        N/A       0%          3
g - Death Channel         Necr           45%        N/A       1%          6
k - Starburst             Conj/Fire      57%        6d15      1%          6
s - Slow                  Hex            100%       N/A       0%          1
u - Summon Horrible Thin  Summ           45%        N/A       2%          8
w - Passwall              Tmut/Erth      95%        N/A       0%          2
z - Lee's Rapid Deconstr  Erth           57%        3d27*     0%          5
A - Ozocubu's Armour      Ice            100%       N/A       0%          3
G - Enfeeble              Hex            45%        N/A       1%          7
K - Discord               Hex            45%        N/A       2%          8
M - Fulminant Prism       Conj/Hex       45%        3d21      0%          4
U - Tukima's Dance        Hex            91%        N/A       0%          3
X - Hailstorm             Conj/Ice       100%       3d20      0%          4
Z - Freeze                Ice            100%       1d11      0%          1
Your spell library was empty.

Dungeon Overview and Level Annotations

Branches:
Dungeon (15/15)            Temple (1/1) D:5            Lair (6/6) D:11
  Snake (4/4) Lair:2       Spider (4/4) Lair:4        Slime (0/5) Lair:6
    Orc (2/2) D:11            Elf (0/3) Orc:2        Vaults (5/5) D:13
  Crypt (0/3) Vaults:2     Depths (4/4) D:15            Zot (5/5) Depths:4
Volcano (visited)         Gauntlet (visited)

Altars:
Cheibriados
Elyvilon
Hepliaklqana
Makhleb
Nemelex Xobeh
Ru
Vehumet
Wu Jian
Yredelemnul
Beogh
Lugonu

Shops:
D:6 [*?   D:9 ?   D:15 *   Orc:1 :   Orc:2 ??:=   Snake:1 ([   Snake:3 (
Vaults:2 (   Vaults:5 (

Portals:
Hell: Depths:1 Depths:2 Depths:3
Abyss: Lair:6 Depths:1 Depths:2 Depths:3
Pandemonium: Depths:1 Depths:2
Ziggurat: Depths:3

Annotations:
Depths:2 1 runed translucent door
Depths:3 3 runed translucent doors, Appipnyi's ghost, adept HOFi


Innate Abilities, Weirdness & Mutations

You are immune to sickness and miasma.
You are immune to poison.
Your flesh is very heat resistant. (rF++)
You are vulnerable to cold. (rC-)
You float through the air rather than walking.
You learn spells naturally, not from books.
Your magical power is your life essence.
You have superior vitality. (+4 MHP)


Message History

The Orb Guardian hits something!!
Something hits the Orb Guardian.
You take 6 damage, and have 127/195 hp.
Okay, then.
Unknown command.
The Orb Guardian hits something!!!
Makhleb accepts your kill.
You feel a bit more experienced.
You take 7 damage, and have 120/195 hp.
Okay, then.
Unknown command.
Unknown command.
Okay, then.
Unknown command.
Okay, then.
Unknown command.
Unknown command.
Your surroundings suddenly seem different.
An Orb Guardian comes into view.
You hear a shout!
The dread lich shouts!
The dread lich touches you but does no damage.
As you read the scroll of teleportation, it crumbles to dust.
You feel strangely unstable.
You feel the Orb delaying your translocation!
The blizzard demon gestures at you. The bolt of cold hits you! You resist.
The dread lich touches you but does no damage.
You hear some strange, mumbled words.
A bolt of acid appears from out of thin air!
The bolt of acid hits you. You resist. The acid corrodes you!
You take 12 damage, and have 109/195 hp.
Aim: a dread lich (81% to hit)
You feel a surge of power!
The iron shot hits the dread lich!!!
The Orb Guardian hits you but does no damage.
The dread lich completely misses you.
You take 5 damage, and have 104/195 hp.
Aim: a dread lich (heavily damaged, 81% to hit)
You feel a surge of power!
The iron shot hits the dread lich!!!
You destroy the dread lich!
Makhleb accepts your kill.
You feel better.
The blizzard demon disappears in a puff of smoke!
You hear some strange, mumbled words.
A bolt of acid appears from out of thin air!
The bolt of acid hits you! You resist. The acid corrodes you!
The Orb Guardian completely misses you.
You take 1 damage, and have 103/195 hp.
Aim: an Orb Guardian (73% to hit)
You feel a surge of power!
The iron shot hits the Orb Guardian!!!
The Orb Guardian hits you!!
Something enters a dispersal trap!
The Orb Guardian blinks!
The Killer Klown blinks!
The Orb Guardian blinks!
You blink.
The Orb Guardian hits you!!
* * * LOW HITPOINT WARNING * * *
You take 52 damage, and have 51/195 hp.
MASSIVE DAMAGE!!
You feel much better.
Something enters a dispersal trap!
The Orb Guardian blinks!
The Killer Klown blinks!
You blink.
You regained 23 hp, and now have 74/195 hp.
Aim: an Orb Guardian (severely wounded, 73% to hit)
You feel a surge of power!
The iron shot hits the Orb Guardian!!!
You kill the Orb Guardian!
Makhleb accepts your kill.
You feel better. Makhleb accepts your kill.
You feel a bit more experienced.
You regained 7 hp, and now have 81/195 hp.
You can't see any susceptible monsters within range! (Use Z to cast anyway.) Unknown command.
Unknown command.
Okay, then.
Unknown command.
The Killer Klown easily resists.
The Killer Klown blinks!
You take 6 damage, and have 75/195 hp.
You can't see any susceptible monsters within range! (Use Z to cast anyway.)
Aim: a Killer Klown, wielding a +12 vorpal club (68% to hit)
You feel a surge of power!
The iron shot misses the Killer Klown.
You hear some strange, mumbled words.
A crystal spear appears from out of thin air!
The crystal spear hits you!!
* * * LOW HITPOINT WARNING * * *
You take 39 damage, and have 37/195 hp.
You cannot affect that.
Okay, then.
Unknown command.
Unknown command.
Aim: a Killer Klown, wielding a +12 vorpal club (68% to hit)
Okay, then.
Unknown command.
Unknown command.
Okay, then.
Unknown command.
You feel much better. The Killer Klown pies you viciously!
The klown pie hits you!!
Raspberry!
You feel weakened.
You feel dopey.
You feel clumsy.
* * * LOW HITPOINT WARNING * * *
Makhleb accepts your kill.
You feel a bit more experienced.
You hear some strange, mumbled words.
A crystal spear appears from out of thin air!
The crystal spear hits you!!!!
You die...

.#.########'### #........#
............# #........#
##.######.### #........# #.#
#.# #........# ##'#### #.#
#........# ......# #.#
#........# ######▓
▓▓################▓▓▓▓▓▓
..)..# ##.............,**
....#* ##......@..p.....,**
..^.# ##................,,**
...## #......{.........(,,,*
...# #....^............,,^*
...## #.......^.........,,,*
....# #.................,,,*
....## #.................,,,*
.....###.................,,,*
###...###.........^......,,**


You could see a Killer Klown.

Vanquished Creatures
  A dread lich (Zot:5)
  2 ancient liches
  Mennas (Vaults:3)
  An orb of fire (Zot:3)
  Sojobo (Vaults:4)
  Boris (twice) (Vaults:5 Depths:2)
  Saint Roka (Vaults:3)
  Frederick (Depths:3)
  Vashnia (Snake:3)
  Nikola (Vaults:2)
  4 golden dragons
  Arachne (Spider:4)
  An electric golem (Zot:1)
  Rupert (Lair:5)
  Jorgrun (Snake:1)
  4 tentacled monstrosities
  A lich (Depths:3)
  3 titans
  12 Orb Guardians (Zot:5)
  Asterion (Depths:1)
  A death cob (Zot:5)
  The ghost of bobojojo the Warrior, an adept MfSu of Ashenzari (Snake:4)
  11 sphinxes
  The ghost of croobank the Warrior, an adept MiBe of Trog (Snake:3)
  5 shadow dragons
  8 storm dragons
  4 tengu reavers
  4 nagarajas (Snake:4)
  3 draconian monks
  8 fire giants
  2 draconian knights
  A draconian scorcher (Depths:4)
  2 iron dragons
  2 orc warlords
  6 frost giants
  7 emperor scorpions
  3 draconian shifters
  Louise (Spider:1)
  12 vault wardens
  24 ironbound preservers
  7 ghost moths
  2 broodmothers
  4 draconian stormcallers
  A war gargoyle (Vaults:5)
  The ghost of Igaqag the Brawler, a journeyman TrMo of Jiyva (Lair:6)
  8 ironbound thunderhulks
  13 very ugly things
  9 stone giants
  2 deep elf demonologists
  3 vampire knights
  12 dire elephants
  9 green draconians
  6 black draconians
  4 purple draconians
  4 entropy weavers
  4 red draconians
  2 spark wasps
  A minotaur (Gauntlet)
  6 white draconians
  A deep elf death mage (Vaults:5)
  2 yellow draconians (Depths:4)
  An ettin (shapeshifter) (D:13)
  A merfolk javelineer (Depths:1)
  9 fire dragons
  A crystal guardian (Vaults:2)
  A merfolk impaler (Depths:1)
  6 ettins
  9 ice dragons
  Josephine (Lair:4)
  17 yaktaur captains
  5 great orbs of eyes
  10 boulder beetles
  3 rakshasas
  3 deep elf high priests
  3 salamander tyrants (Snake:4)
  2 spriggan air magi
  A jorogumo (Spider:4)
  A catoblepas (D:14)
  2 radroaches (Spider:3)
  9 naga warriors
  23 vault guards
  3 ogre magi
  A peacekeeper (Vaults:2)
  6 ironbound frosthearts
  3 death knights
  8 anacondas
  21 hydras
  5 centaur warriors
  11 two-headed ogres
  A deep troll shaman (Depths:1)
  19 naga sharpshooters
  12 death yaks
  3 orc high priests (Orc:2)
  A vampire mage (Depths:3)
  7 deep troll earth magi
  4 tengu warriors
  6 spriggan berserkers
  6 spriggans
  8 shock serpents
  8 hell knights
  14 skeletal warriors
  An iron troll (Depths:1)
  A spectral death yak (Lair:6)
  5 pharaoh ants
  2 sixfirhies (Gauntlet)
  A spectral anaconda (Lair:6)
  6 steelbarb worms
  A death drake (Zot:1)
  3 sun moths
  54 deep trolls
  3 salamander mystics
  13 orb spiders
  2 flayed ghosts
  6 naga ritualists
  2 deep elf archers
  10 lindwurms
  A swamp dragon (Zot:1)
  4 sea snakes (Snake:2)
  Pikel (D:5)
  A harpy (Depths:3)
  An obsidian statue (Lair:6)
  5 phantasmal warriors
  15 ironbound convokers
  5 glowing orange brains
  8 orc knights
  9 wizards
  3 orc sorcerers (Orc:2)
  A deep elf zephyrmancer (D:14)
  9 necromancers
  A sphinx skeleton (Vaults:2)
  11 deep elf pyromancers
  24 wolf spiders
  A fire giant zombie (Vaults:2)
  16 manticores
  A faun (shapeshifter) (Vaults:5)
  11 mana vipers
  2 salamanders (shapeshifter)
  A stone giant zombie (Vaults:2)
  13 cyclopes
  27 ugly things
  21 salamanders
  20 vault sentinels
  22 elephants
  A black mamba (shapeshifter) (D:14)
  8 moths of wrath
  A guardian serpent (shapeshifter) (D:13)
  5 guardian serpents
  4 molten gargoyles (Volcano)
  35 black mambas
  4 torpor snails
  6 gargoyles
  12 cane toads
  15 naga magi
  An elf zombie (Vaults:2)
  4 unseen horrors
  29 yaktaurs
  2 efreet (D:13)
  2 rime drakes (Lair:3)
  6 komodo dragons
  5 demonic crawlers
  An ice devil (Depths:1)
  3 freezing wraiths (D:14)
  6 tengu conjurers
  3 polar bears
  16 trolls
  A troll (shapeshifter) (D:14)
  A merfolk (shapeshifter) (D:14)
  13 meliai
  Grinder (D:6)
  A dancing weapon (Snake:3)
  10 hornets
  A hornet (shapeshifter) (Vaults:5)
  38 slime creatures
  5 blink frogs
  31 tarantellas
  Prince Ribbit (D:9)
  11 dream sheep
  A meliai zombie (D:11)
  A human simulacrum (Vaults:2)
  A shadow (D:10)
  22 jumping spiders
  10 wraiths
  6 water elementals
  A culicivora (shapeshifter) (Depths:3)
  2 centaur simulacra
  4 wyverns
  32 yaks
  20 culicivoras
  A steam dragon (D:6)
  Eustachio (D:5)
  7 basilisks
  60 redbacks
  A basilisk (shapeshifter) (Depths:4)
  18 vampire mosquitoes
  The ghost of axecop the Insei, an amateur DsAK of Lugonu (D:5)
  A naga (shapeshifter) (D:14)
  Edmund (D:4)
  37 nagas
  4 wargs
  2 acid dragons
  Duvessa (D:6)
  19 water moccasins
  3 floating eyes (D:12)
  A floating eye (shapeshifter) (Vaults:5)
  2 hell hounds (Depths:3)
  51 orc warriors
  A black bear (shapeshifter) (D:13)
  A swamp drake (D:10)
  2 ice beasts
  A sky beast (D:5)
  A human zombie (Vaults:2)
  A black bear (Lair:3)
  A necrophage (D:6)
  9 centaurs
  12 wolves
  17 ogres
  2 lemures (D:5)
  6 kobold brigands
  17 bullfrogs
  2 scorpions (shapeshifter)
  A human skeleton (Vaults:2)
  4 scorpions
  5 gnoll sergeants
  A water moccasin zombie (D:5)
  A wyvern skeleton (D:7)
  Dowan (D:6)
  2 wights
  8 killer bees (D:8)
  A howler monkey (D:13)
  3 electric eels
  A crimson imp (D:10)
  4 bullfrog zombies
  4 centaur zombies
  4 jellies
  A lava snake (Lair:5)
  An iron imp (D:10)
  Crazy Yiuf (D:7)
  A centaur skeleton (D:4)
  30 orc priests
  2 bullfrog skeletons (D:6)
  2 hounds
  5 iguanas
  Jessica (D:11)
  17 orc wizards
  A killer bee zombie (D:6)
  8 gnolls
  8 adders
  3 shadow imps
  2 white imps
  3 ufetubi
  3 worms
  2 dart slugs
  111 orcs
  7 ball pythons
  3 bats
  5 endoplasms
  5 goblins
  10 hobgoblins
  4 jackals (D:2)
  3 quokkas (D:2)
  3 frilled lizards
  11 kobolds
  2 rats
  A butterfly (Lair:1)
  10 fulminant prisms
  2 lurking horrors (Lair:6)
1822 creatures vanquished.

Vanquished Creatures (collateral kills)
  2 dread liches (Zot:5)
  3 tentacled monstrosities (Vaults:5)
  A titan (Vaults:5)
  A sphinx (Vaults:5)
  A death cob (Zot:5)
  2 shadow dragons (Vaults:5)
  A storm dragon (Vaults:5)
  2 fire giants (Vaults:5)
  2 vault wardens (Vaults:5)
  An iron dragon (Vaults:5)
  A war gargoyle (Vaults:5)
  A stone giant (Vaults:5)
  An ironbound preserver (Vaults:1)
  A deep elf annihilator (Vaults:5)
  Harold (D:7)
  2 ogre magi (Vaults:5)
  20 vault guards (Vaults:5)
  A centaur warrior (D:14)
  5 two-headed ogres
  An orc high priest (Orc:2)
  A hell knight (Vaults:5)
  A deep troll (Vaults:5)
  3 phantasmal warriors (Vaults:5)
  3 ironbound convokers
  5 orc knights
  A vault sentinel (Vaults:1)
  4 yaktaurs (Vaults:5)
  A jumping spider (Spider:1)
  A swamp worm (shapeshifter) (Vaults:5)
  2 orc warriors (Orc:2)
  An ogre (Orc:1)
  2 kobold brigands (D:9)
  A wight (D:8)
  An orc priest (D:10)
  A gnoll shaman (D:9)
  2 gnolls
  4 orcs
84 creatures vanquished.

Vanquished Creatures (others)
  A shadow dragon (Vaults:5)
  A fire giant (Vaults:5)
  A vault warden (Vaults:5)
  A very ugly thing (Vaults:5)
  An ettin (Vaults:5)
  A yaktaur captain (Vaults:5)
  A deep troll earth mage (Depths:1)
  2 deep trolls (Vaults:5)
  11 dancing weapons
  A vault sentinel (Vaults:5)
  A jumping spider (Spider:2)
  An orc wizard (D:10)
  An orc (D:10)
  A butterfly (Depths:2)
  198 fulminant prisms
  28 fungi
  80 plants
  34 withered plants (Lair:6)
365 creatures vanquished.

Grand Total: 2271 creatures vanquished

Notes
Turn   | Place    | Note
-------+----------+-------------------------------------------
     0 | D:1      | murtidash the Djinni Ice Elementalist began the quest for
                  | the Orb.
     0 | D:1      | Reached XP level 1. HP: 15/15 MP: 0/0
   217 | D:1      | Reached XP level 2. HP: 5/21 MP: 0/0
   446 | D:1      | Found a faded altar of an unknown god.
   911 | D:2      | HP: 4/21 [quokka (3)]
  1450 | D:2      | Reached skill level 4 in Spellcasting
  1450 | D:2      | Reached XP level 3. HP: 10/25 MP: 0/0
  1450 | D:2      | Learned a level 1 spell: Slow
  3388 | D:3      | Reached XP level 4. HP: 27/31 MP: 0/0
  3961 | D:3      | HP: 6/31 [iguana (2)]
  3963 | D:3      | Reached XP level 5. HP: 5/35 MP: 0/0
  3963 | D:3      | Learned a level 2 spell: Passwall
  4912 | D:4      | Reached skill level 5 in Spellcasting
  5016 | D:4      | Noticed Edmund
  5021 | D:4      | Noticed an ogre
  5028 | D:4      | Killed Edmund
  5029 | D:4      | Reached XP level 6. HP: 17/40 MP: 0/0
  5031 | D:4      | Killed an ogre
  5032 | D:4      | Reached skill level 6 in Spellcasting
  5278 | D:4      | Reached XP level 7. HP: 41/45 MP: 0/0
  5278 | D:4      | Learned a level 3 spell: Spider Form
  6084 | D:5      | Entered Level 5 of the Dungeon
  6085 | D:5      | Noticed Eustachio
  6094 | D:5      | Killed Eustachio
  6217 | D:5      | HP: 7/45 [water moccasin zombie (4)]
  6221 | D:5      | Reached skill level 7 in Spellcasting
  6252 | D:5      | Noticed Pikel
  6476 | D:5      | Killed Pikel
  6477 | D:5      | Reached skill level 8 in Spellcasting
  6477 | D:5      | Reached XP level 8. HP: 31/50 MP: 0/0
  6642 | D:5      | Found a runed translucent door.
  6642 | D:5      | Noticed axecop's ghost (amateur DsAK)
  6662 | D:5      | Identified the +1 robe "Baenguk" {rN+ Int+5}
  6694 | D:5      | Killed axecop's ghost
  7123 | D:5      | Noticed a wyvern
  7128 | D:5      | Killed a wyvern
  7129 | D:5      | Reached XP level 9. HP: 47/55 MP: 0/0
  7129 | D:5      | Learned a level 3 spell: Tukima's Dance
  7207 | D:5      | Reached skill level 9 in Spellcasting
  8197 | D:5      | Found a staircase to the Ecumenical Temple.
  8204 | Temple   | Entered the Ecumenical Temple
  8247 | Temple   | Became a worshipper of Makhleb the Destroyer
  8804 | D:6      | Noticed Grinder
  8818 | D:6      | Killed Grinder
  8832 | D:6      | Reached skill level 10 in Spellcasting
  9044 | D:6      | Noticed Duvessa
  9054 | D:6      | Noticed Dowan
  9057 | D:6      | Killed Duvessa
  9061 | D:6      | Killed Dowan
  9130 | D:6      | Found Axerch's Magic Scroll Shop.
  9138 | D:6      | Bought a scroll of blinking for 105 gold pieces
  9138 | D:6      | Bought a scroll of identify for 28 gold pieces
  9138 | D:6      | Bought a scroll of identify for 28 gold pieces
  9202 | D:6      | Identified the +8 scale mail of Starshine {+Blink rC+}
  9705 | D:6      | Found Ner Tit's Assorted Antiques.
  9868 | D:6      | Found Asyxtask's Antique Armour Shop.
  9958 | D:7      | Reached skill level 1 in Armour
  9998 | D:7      | Found a runed translucent door.
  9999 | D:7      | Noticed Crazy Yiuf
 10054 | D:7      | Reached * piety under Makhleb
 10060 | D:7      | Reached skill level 1 in Fighting
 10109 | D:7      | Reached XP level 10. HP: 55/62 MP: 0/0
 10364 | D:7      | Noticed Harold
 10381 | D:7      | Killed Harold
 10382 | D:7      | Reached skill level 2 in Fighting
 10382 | D:7      | Reached skill level 2 in Armour
 10382 | D:7      | Reached skill level 3 in Dodging
 11318 | D:7      | Killed Crazy Yiuf
 11825 | D:8      | Reached skill level 3 in Armour
 11918 | D:8      | Reached skill level 3 in Fighting
 11921 | D:8      | Reached skill level 11 in Spellcasting
 12341 | D:8      | Reached skill level 1 in Evocations
 13483 | D:9      | Reached skill level 4 in Armour
 13483 | D:9      | Reached skill level 2 in Evocations
 13576 | D:9      | Reached skill level 4 in Fighting
 13576 | D:9      | Reached XP level 11. HP: 51/73 MP: 0/0
 13576 | D:9      | Learned a level 4 spell: Fulminant Prism
 13708 | D:9      | Reached ** piety under Makhleb
 13715 | D:9      | Reached skill level 3 in Evocations
 13929 | D:9      | Noticed a salamander
 13935 | D:9      | Killed a salamander
 13947 | D:9      | Noticed a two-headed ogre
 13954 | D:9      | Killed a two-headed ogre
 13955 | D:9      | Reached skill level 5 in Armour
 14124 | D:9      | Noticed a two-headed ogre
 14136 | D:9      | Killed a two-headed ogre
 14137 | D:9      | Reached skill level 5 in Fighting
 14274 | D:9      | Reached skill level 4 in Evocations
 14479 | D:9      | Reached skill level 12 in Spellcasting
 14481 | D:9      | Found Epsyesmu's Magic Scroll Shop.
 14492 | D:9      | Bought 2 scrolls of identify for 68 gold pieces
 14492 | D:9      | Bought a scroll of identify for 34 gold pieces
 14601 | D:9      | Noticed Prince Ribbit
 14610 | D:9      | Killed Prince Ribbit
 15006 | D:10     | Entered Level 10 of the Dungeon
 15117 | D:10     | Noticed a two-headed ogre
 15522 | D:10     | Killed a two-headed ogre
 15835 | D:10     | Noticed a cyclops
 15842 | D:10     | Killed a cyclops
 15891 | D:10     | Noticed a deep elf pyromancer
 15903 | D:10     | Killed a deep elf pyromancer
 15904 | D:10     | Noticed a deep elf pyromancer
 15908 | D:10     | Reached skill level 6 in Fighting
 15910 | D:10     | Killed a deep elf pyromancer
 15911 | D:10     | Reached skill level 5 in Evocations
 15911 | D:10     | Reached XP level 12. HP: 62/83 MP: 0/0
 16312 | D:10     | Reached *** piety under Makhleb
 16423 | D:10     | Found a basalt altar of Yredelemnul.
 16847 | D:11     | Found a staircase to the Lair.
 16877 | D:11     | Found a staircase to the Orcish Mines.
 16881 | D:11     | Reached skill level 13 in Spellcasting
 17030 | D:11     | Noticed a two-headed ogre
 17045 | D:11     | Killed a two-headed ogre
 17566 | D:11     | Found a sparkling altar of Nemelex Xobeh.
 17566 | D:11     | Noticed Jessica
 17568 | D:11     | Killed Jessica
 17872 | D:11     | Noticed a two-headed ogre
 17888 | D:11     | Killed a two-headed ogre
 17889 | D:11     | Reached skill level 14 in Spellcasting
 18276 | D:11     | Reached **** piety under Makhleb
 18549 | Orc:1    | Entered Level 1 of the Orcish Mines
 18636 | Orc:1    | Found Xitu's Self-Improvement Boutique.
 18652 | Orc:1    | Reached XP level 13. HP: 85/87 MP: 0/0
 18652 | Orc:1    | Learned a level 5 spell: Lee's Rapid Deconstruction
 19095 | Orc:2    | Entered Level 2 of the Orcish Mines
 19694 | Orc:2    | Reached ***** piety under Makhleb
 19988 | Orc:2    | Reached skill level 4 in Dodging
 19989 | Orc:2    | HP: 14/88 [orc knight (4)]
 20293 | Orc:2    | Found Fireesumm's Book Boutique.
 20409 | Orc:2    | Found Kobol's Jewellery Shop.
 20419 | Orc:2    | Reached skill level 6 in Armour
 20426 | Orc:2    | Noticed an orc warlord
 20913 | Orc:2    | Reached skill level 7 in Fighting
 21017 | Orc:2    | Reached skill level 5 in Dodging
 21348 | Orc:2    | Killed an orc warlord
 22018 | Orc:2    | Reached skill level 15 in Spellcasting
 22285 | Orc:2    | Found a staircase to the Elven Halls.
 22429 | Orc:2    | Found Mutamn's Magic Scroll Shoppe.
 22446 | Orc:2    | Bought a scroll of identify for 24 gold pieces
 22446 | Orc:2    | Bought a scroll of identify for 24 gold pieces
 22577 | Orc:2    | Found Ahajawn's Magic Scroll Shop.
 22607 | Orc:2    | Bought a scroll of magic mapping for 38 gold pieces
 22607 | Orc:2    | Bought a scroll of magic mapping for 38 gold pieces
 22607 | Orc:2    | Bought a scroll of teleportation for 33 gold pieces
 22607 | Orc:2    | Bought a scroll of teleportation for 33 gold pieces
 22607 | Orc:2    | Bought a scroll of fog for 22 gold pieces
 22634 | Orc:2    | Reached ****** piety under Makhleb
 22635 | Orc:2    | Reached XP level 14. HP: 73/96 MP: 0/0
 22799 | Orc:2    | Reached skill level 7 in Armour
 22799 | Orc:2    | Reached skill level 6 in Dodging
 23208 | Lair:1   | Entered Level 1 of the Lair of Beasts
 23412 | Lair:1   | Reached skill level 8 in Fighting
 23610 | Lair:1   | Identified the +2 leather armour of Dikkyi {Harm rN+ Will+
                  | Int-4}
 23622 | Lair:1   | Identified the +2 ring mail of a treasure trove {Will-
                  | Int+6}
 24528 | Lair:2   | Reached skill level 7 in Dodging
 24672 | Lair:2   | Found a staircase to the Snake Pit.
 25426 | Lair:2   | Reached skill level 8 in Armour
 26039 | Lair:3   | Identified the +5 long sword of Zeal {freeze, *Rage Fragile
                  | +Blink rN+++}
 26707 | Lair:3   | Reached skill level 9 in Fighting
 27233 | Lair:3   | Reached skill level 8 in Dodging
 27322 | Lair:3   | Reached skill level 16 in Spellcasting
 27615 | Lair:4   | Reached XP level 15. HP: 88/105 MP: 0/0
 27615 | Lair:4   | Learned a level 6 spell: Starburst
 27799 | Lair:4   | Found a hole to the Spider Nest.
 28346 | Lair:5   | Noticed Rupert
 28352 | Lair:5   | Killed Rupert
 28378 | Lair:5   | Found a dark tunnel.
 28388 | Volcano  | Entered a volcano
 29162 | Volcano  | Noticed an orb of fire
 29205 | Volcano  | Noticed an orb of fire
 30045 | Lair:6   | Entered Level 6 of the Lair of Beasts
 30065 | Lair:6   | Reached skill level 17 in Spellcasting
 30414 | Lair:6   | Found a staircase to the Slime Pits.
 31099 | Lair:6   | Noticed Igaqag's ghost (journeyman TrMo)
 31107 | Lair:6   | Found a runed translucent gate.
 31107 | Lair:6   | Found a runed translucent gate.
 31108 | Lair:6   | Found a runed translucent gate.
 31374 | Lair:6   | Found a one-way gate to the infinite horrors of the Abyss.
 31374 | Lair:6   | Found a corrupted altar of Lugonu.
 31430 | Lair:6   | HP: 4/105 [dire elephant (29)]
 32463 | Lair:6   | Reached XP level 16. HP: 94/112 MP: 0/0
 32994 | Lair:6   | Reached skill level 18 in Spellcasting
 33544 | Lair:6   | Killed Igaqag's ghost
 35895 | D:13     | Found a gate to the Vaults.
 35914 | D:13     | Reached skill level 19 in Spellcasting
 36172 | D:13     | Noticed a storm dragon
 36176 | D:13     | Noticed a sphinx
 36638 | D:14     | Identified the +4 robe "Luam" {rElec rPois}
 36791 | D:14     | Found a gate leading to a gauntlet.
 36800 | Gauntlet | Entered a Gauntlet
 36800 | Gauntlet | Found a transporter.
 36803 | Gauntlet | Found a transporter.
 36807 | Gauntlet | Found a transporter.
 36826 | Gauntlet | Found a transporter.
 36853 | Gauntlet | Found a transporter.
 36857 | Gauntlet | Found a transporter.
 36865 | Gauntlet | Found a transporter.
 36866 | Gauntlet | Found a transporter.
 36895 | Gauntlet | Found a transporter.
 36905 | Gauntlet | Found a transporter.
 36909 | Gauntlet | Found a transporter.
 36919 | Gauntlet | Found a transporter.
 36974 | Gauntlet | Reached XP level 17. HP: 116/116 MP: 0/0
 36974 | Gauntlet | Learned a level 6 spell: Death Channel
 36978 | Gauntlet | Identified the +9 hunting sling "Erhiu" {vorpal, Fly}
 36981 | Gauntlet | Identified the ring of Roeskoli {Fire rN+}
 37165 | Gauntlet | Identified the +6 acid dragon scales "Jahorph" {rElec
                  | rCorr}
 37360 | Gauntlet | Identified the +2 robe of Paetac {Rampage rC+}
 37402 | D:13     | Identified a scroll of acquirement
 37402 | D:13     | Acquired 1025 gold pieces
 37919 | D:13     | Reached skill level 20 in Spellcasting
 38595 | D:13     | Killed a sphinx
 38728 | D:13     | Killed a storm dragon
 39236 | D:14     | HP: 21/116 [centaur warrior/arrow (13)]
 40770 | D:14     | Reached skill level 9 in Dodging
 40825 | D:14     | Noticed a sphinx
 40828 | D:14     | Killed a sphinx
 40866 | D:14     | Identified the +4 broad axe "Goaclast" {holy, rElec Dex+3}
 41236 | D:15     | Entered Level 15 of the Dungeon
 41366 | D:15     | Reached skill level 9 in Armour
 41374 | D:15     | Reached XP level 18. HP: 113/124 MP: 0/0
 41485 | D:15     | Reached skill level 10 in Fighting
 41683 | D:15     | Found a staircase to the Depths.
 41999 | D:15     | Found Hiasm's General Store.
 42002 | D:15     | Bought a scroll of identify for 40 gold pieces
 42002 | D:15     | Bought a scroll of identify for 40 gold pieces
 42002 | D:15     | Bought a scroll of identify for 40 gold pieces
 42002 | D:15     | Bought a scroll of fear for 70 gold pieces
 42424 | D:15     | Found an ornate altar of the Wu Jian Council.
 42664 | Spider:1 | Entered Level 1 of the Spider Nest
 42664 | Spider:1 | Noticed Josephine
 42682 | Lair:4   | Killed Josephine
 42868 | Lair:4   | Reached skill level 1 in Shields
 43091 | Spider:1 | Reached skill level 10 in Dodging
 43169 | Spider:1 | Reached skill level 2 in Shields
 43970 | Spider:1 | Noticed Louise
 43979 | Spider:1 | Killed Louise
 44374 | Spider:2 | Reached skill level 10 in Armour
 44424 | Spider:2 | Reached skill level 3 in Shields
 44655 | Spider:2 | HP: 25/126 [emperor scorpion (13)]
 45340 | Spider:2 | Reached skill level 11 in Fighting
 45842 | Spider:2 | HP: 22/128 [boulder beetle (43)]
 45852 | Spider:2 | Reached skill level 4 in Shields
 46210 | Spider:3 | Reached XP level 19. HP: 118/132 MP: 0/0
 46210 | Spider:3 | Learned a level 6 spell: Iron Shot
 46889 | Spider:3 | Reached skill level 11 in Dodging
 47766 | Spider:4 | Entered Level 4 of the Spider Nest
 47996 | Spider:4 | Reached skill level 5 in Shields
 48315 | Spider:4 | Reached skill level 11 in Armour
 48326 | Spider:4 | Noticed Arachne
 48338 | Spider:4 | Killed Arachne
 48569 | Spider:4 | Reached skill level 21 in Spellcasting
 48656 | Spider:4 | Reached skill level 6 in Shields
 49241 | Spider:4 | Reached skill level 12 in Fighting
 49498 | Spider:4 | Reached skill level 12 in Dodging
 49801 | Spider:4 | Got a gossamer rune of Zot
 50332 | Snake:1  | Entered Level 1 of the Snake Pit
 50437 | Snake:1  | Found Visenluts's Weapon Boutique.
 50440 | Snake:1  | Noticed Jorgrun
 50451 | Snake:1  | Killed Jorgrun
 50468 | Lair:2   | Reached skill level 1 in Long Blades
 50774 | Snake:1  | Reached XP level 20. HP: 93/141 MP: 0/0
 50961 | Snake:1  | Found Wouqec's Antique Armour Shop.
 50969 | Snake:1  | Bought an embroidered cloak for 270 gold pieces
 50969 | Snake:1  | Bought a turquoise-studded scale mail for 324 gold pieces
 50969 | Snake:1  | Identified the +1 scale mail "Roaqadi" {Str+2} (You bought
                  | it in a shop on level 1 of the Snake Pit)
 51293 | Snake:1  | Reached skill level 2 in Long Blades
 52485 | Snake:2  | Reached skill level 12 in Armour
 52489 | Snake:2  | Reached skill level 3 in Long Blades
 52976 | Snake:2  | Found a burning altar of Makhleb.
 53436 | Snake:2  | Reached skill level 4 in Long Blades
 53642 | Snake:3  | Identified the +6 war axe of the Curious Wishes {venom,
                  | rElec Dex+2}
 53731 | Snake:2  | Reached skill level 13 in Fighting
 54058 | Snake:3  | Noticed Vashnia
 54076 | Snake:3  | Found Veeca's Weapon Shop.
 54354 | Snake:3  | Killed Vashnia
 54713 | Snake:3  | Reached skill level 5 in Long Blades
 54735 | Snake:4  | Entered Level 4 of the Snake Pit
 54769 | Snake:4  | Found a runed translucent gate.
 55153 | Snake:4  | Found a runed translucent gate.
 55153 | Snake:4  | Found a runed translucent gate.
 55158 | Snake:4  | Noticed bobojojo's ghost (adept MfSu)
 55158 | Snake:4  | Noticed croobank's ghost (adept MiBe)
 55246 | Snake:4  | Reached skill level 6 in Long Blades
 55246 | Snake:4  | HP: 17/146 [nagaraja/poison arrow (12)]
 55388 | Snake:4  | Reached XP level 21. HP: 144/151 MP: 0/0
 55388 | Snake:4  | Learned a level 8 spell: Discord
 55555 | Snake:4  | Got a serpentine rune of Zot
 55732 | Snake:4  | Identified the ring of Cowardice {*Corrode MP+9 Str+3
                  | Stlth+}
 55947 | Snake:3  | Killed croobank's ghost
 55948 | Snake:3  | Reached skill level 14 in Fighting
 56445 | Snake:4  | Killed bobojojo's ghost
 57127 | Vaults:1 | Entered Level 1 of the Vaults
 57264 | Vaults:1 | Reached skill level 7 in Long Blades
 58276 | Vaults:1 | Reached skill level 8 in Long Blades
 58698 | Vaults:2 | Reached skill level 22 in Spellcasting
 58699 | Vaults:2 | Reached skill level 15 in Fighting
 59202 | Vaults:2 | Reached skill level 9 in Long Blades
 59202 | Vaults:2 | Reached XP level 22. HP: 144/161 MP: 0/0
 59612 | Vaults:2 | Found Qirit's Antique Weapon Emporium.
 59913 | Vaults:2 | Reached skill level 10 in Long Blades
 60135 | Vaults:2 | Found a staircase to the Crypt.
 60165 | Vaults:2 | Noticed Nikola
 60175 | Vaults:2 | Killed Nikola
 60366 | Vaults:3 | Noticed Mennas
 60428 | Vaults:3 | Killed Mennas
 60833 | Vaults:3 | Identified the +8 chain mail "Yteidod" {rPois rCorr Int+4
                  | Stlth+}
 60882 | Vaults:3 | Noticed Saint Roka
 60892 | Vaults:3 | Killed Saint Roka
 60993 | Vaults:3 | Reached skill level 16 in Fighting
 61992 | Vaults:4 | Acquired 1105 gold pieces
 62013 | Vaults:4 | Reached skill level 11 in Long Blades
 62079 | Vaults:4 | Reached XP level 23. HP: 169/170 MP: 0/0
 62079 | Vaults:4 | Learned a level 7 spell: Enfeeble
 62739 | Vaults:4 | Noticed Sojobo
 62745 | Vaults:4 | Killed Sojobo
 63194 | Vaults:5 | Entered Level 5 of the Vaults
 63199 | Vaults:5 | Reached skill level 17 in Fighting
 63200 | Vaults:5 | Reached skill level 12 in Long Blades
 63206 | Vaults:5 | Reached skill level 23 in Spellcasting
 63411 | Vaults:5 | HP: 33/172 [yaktaur captain/bolt (32)]
 63414 | Vaults:5 | Reached XP level 24. HP: 71/179 MP: 0/0
 63430 | Vaults:5 | Noticed Boris
 63446 | Vaults:5 | Noticed a golden dragon
 63450 | Vaults:5 | Killed a golden dragon
 63685 | Vaults:5 | Got a silver rune of Zot
 63703 | Vaults:5 | Identified the +1 whip of Valiance {spect, rC+ SInv}
 63765 | Vaults:5 | Identified the ring of the Suburbs {Fire Fly}
 63793 | Vaults:5 | Reached skill level 24 in Spellcasting
 63803 | Vaults:5 | Identified the +7 spear "Ynayqaimn" {vorpal, Dex+7}
 63919 | Vaults:5 | Identified the ring of Engaozem {Ice Drain rPois Str+10
                  | Dex-4}
 63926 | Vaults:5 | Noticed an ancient lich
 63930 | Vaults:5 | Killed an ancient lich
 64033 | Vaults:5 | Noticed a golden dragon
 64036 | Vaults:5 | Killed a golden dragon
 64114 | Vaults:5 | Killed Boris
 64596 | Vaults:5 | Identified the +5 longbow "Inuses" {flame, Fly rElec Int-4
                  | Dex+4}
 64643 | Vaults:5 | Found Fuint's Weapon Shop.
 64662 | Vaults:5 | Identified the +3 crystal plate armour "Ankiorph" {rPois
                  | Str+8 Stlth-}
 64923 | Vaults:5 | Identified the +1 pair of boots of the Date {rC++}
 65396 | Depths:1 | Entered Level 1 of the Depths
 65401 | Depths:1 | Noticed Asterion
 65415 | Depths:2 | Acquired the +3 Elemental Staff {rElec rF++ rC++ AC+5}
 65415 | Depths:2 | Found the +3 Elemental Staff {rElec rF++ rC++ AC+5}
 65417 | Depths:2 | Acquired 621 gold pieces
 65418 | Depths:2 | Acquired 915 gold pieces
 65522 | Depths:2 | Noticed Boris
 65528 | Depths:2 | Killed Boris
 65604 | Depths:2 | Found a runed translucent door.
 65635 | Depths:2 | Found a white marble altar of Elyvilon.
 66015 | Depths:2 | Found a gateway to Hell.
 66146 | Depths:2 | Found a one-way gate leading to the halls of Pandemonium.
 66928 | Depths:1 | Reached XP level 25. HP: 178/184 MP: 0/0
 66928 | Depths:1 | Learned a level 8 spell: Summon Horrible Things
 67305 | Depths:1 | Killed Asterion
 67759 | Depths:3 | Reached skill level 25 in Spellcasting
 67794 | Depths:3 | Found a one-way gateway to a ziggurat.
 67971 | Depths:3 | Reached skill level 13 in Dodging
 68045 | Depths:3 | Reached skill level 7 in Shields
 68123 | Depths:3 | Identified the ring "Foci Ser" {rF+ rN+++ Will+ Int-4
                  | Stlth+}
 68131 | Depths:3 | Identified the +4 war axe of the Pit {pain, rPois Dex+7}
 68417 | Depths:3 | Noticed Frederick
 68424 | Depths:3 | Killed Frederick
 68508 | Depths:3 | Found a runed translucent gate.
 68508 | Depths:3 | Found a runed translucent gate.
 68508 | Depths:3 | Found a runed translucent gate.
 68509 | Depths:3 | Noticed Appipnyi's ghost (adept HOFi)
 68510 | Depths:3 | Noticed an ancient lich
 68714 | Depths:4 | Entered Level 4 of the Depths
 68729 | Depths:4 | Found a hazy altar of Hepliaklqana.
 68993 | Depths:4 | Found a gate to the Realm of Zot.
 69002 | Zot:1    | Entered Level 1 of the Realm of Zot
 69188 | Zot:1    | Reached skill level 8 in Shields
 69197 | Zot:1    | Reached skill level 18 in Fighting
 69382 | Zot:2    | Reached XP level 26. HP: 84/193 MP: 0/0
 69587 | Zot:3    | Noticed an orb of fire
 69595 | Zot:3    | Killed an orb of fire
 69597 | Zot:3    | Reached skill level 14 in Dodging
 69687 | Zot:5    | Entered Level 5 of the Realm of Zot
 70120 | Zot:5    | Noticed an ancient lich
 70131 | Zot:5    | Killed an ancient lich
 70145 | Zot:5    | Reached skill level 9 in Shields
 70156 | Zot:5    | Noticed a dread lich
 70157 | Zot:5    | Noticed a Killer Klown
 70158 | Zot:5    | Noticed an ancient lich
 70161 | Zot:5    | Noticed a Killer Klown
 70162 | Zot:5    | Noticed an orb of fire
 70174 | Zot:5    | Noticed a dread lich
 70180 | Zot:5    | Killed a dread lich
 70183 | Zot:5    | Killed a dread lich
 70186 | Zot:5    | HP: 37/195 [something/crystal spear (34)]
 70187 | Zot:5    | Killed a dread lich
 70187 | Zot:5    | Killed from afar by an ancient lich

Illustrated notes

Levels and vault maps discovered:
D:1:      lightli_arrival_boilingwater, layout_loops_ring,
          basic_ecumenical_altar, st_stairs_2
D:2:      layout_basic
D:3:      layout_loops_ring, kennysheep_nondescript, due_unseen_surprise
D:4:      layout_loops_ring, small_statue_alley_b, uniq_edmund
D:5:      layout_loops_ring, minmay_temple_entry_trees,
          hellmonk_ghost_happy_afterlife, grunt_ministairs_13, uniq_eustachio,
          uniq_pikel
D:6:      hellmonk_destroyed_diamonds, layout_basic, serial_shops,
          nicolae_shop_statue_plus, nicolae_shop_crystal, nicolae_diamond_shop,
          uniq_grinder, uniq_duvessa
D:7:      layout_basic, minivault_1, chequers_serial_rivers_small_3,
          grunt_decor_cap, uniq_crazy_yiuf_cottage, uniq_harold
D:8:      layout_cave_pods, hex_large
D:9:      kennysheep_blocky_room, layout_grid_maze, serial_shops,
          nicolae_shop_advertising_works [nicolae_subvault_shop_adworks],
          uniq_prince_ribbit1
D:10:     layout_long_grid, yredelemnul_altar_generic, hangedman_minor_magic
D:11:     layout_roguey, lair_entry_dummy,
          kennysheep_orc_monster_closet_entryway, special_room
          [special_room_orc], nemelex_lonely_heart_becter
D:12:     layout_basic, kennysheep_donut, onia_ninara_cookie
D:13:     minmay_complete_graph, layout_basic, grunt_vaults_entry_fortified,
          kennysheep_nub
D:14:     evilmike_diamond_1, layout_cave_pools, minmay_misc_feat_iff,
          gauntlet_entry_generic
D:15:     hangedman_depths_entry_try_elsewhere_first, layout_small_grid,
          serial_shops, nicolae_shop_window_shopping,
          pdpol_wu_jian_five_deadly_venoms
Temple:   mainiacjoe_temple_hex_bubbles
Lair:1:   layout_cave_pods, serial_bayou_pond_d, nicolae_lair_grazing_beasts
          [nicolae_sub_lair_graze_edge, nicolae_sub_lair_graze_edge,
          nicolae_sub_lair_graze_edge, nicolae_sub_lair_graze_edge],
          grunt_megastairs_5, infiniplex_staircase_pool_2, lemuel_fruit_fields
Lair:2:   layout_cave_pods, minmay_snake_entry_six_corridors,
          serial_bayou_crossing
Lair:3:   layout_regular_city, serial_forest, infiniplex_forest_lined_room_3,
          infiniplex_forest_lined_3, infiniplex_forest_straight_2,
          infiniplex_forest_clump_tiny, infiniplex_forest_lined_1,
          infiniplex_forest_lined_2, st_stairs_5, serial_bayou_shore_a
Lair:4:   layout_cave_pods, spider_nest_entry_rubble
Lair:5:   layout_gridlike, nicolae_volcano_entry_vermiform, uniq_rupert
Lair:6:   due_jungle_book, layout_hall_layers, nicolae_slime_entry_slimehenge,
          gammafunk_ghost_split, amcnicky_altar_lugonu_corruption
Snake:1:  layout_basic, eino_curves_02, minmay_shoptagon, serial_bayou_shore_b,
          uniq_jorgrun
Snake:2:  layout_basic, basic_altar, lemuel_fruit_tree
Snake:3:  layout_concentric_octagons, basic_altar, serial_shops,
          nicolae_shop_bloodbath_and_beyond, uniq_vashnia
Snake:4:  johnstein_snake_rune_scales, layout_gridlike, gammafunk_ghost_cemetery
Spider:1: layout_spider_delve, hangedman_spider_tarantella_strand, uniq_louise,
          uniq_josephine
Spider:2: layout_spider_delve, nicolae_spider_checkerboard
Spider:3: layout_cave_pods, guppyfry_spider_mini_2
Spider:4: johnstein_spider_rune_arachne_lair
Orc:1:    layout_caves, nicolae_orc_sculptors_studio, nicolae_shop_self_help
Orc:2:    pubby_orc_utopia
Vaults:1: nicolae_vaults_specimen_jars, vaults_standard_mumra_enter_the_diamond,
          nicolae_vaults_network_periphery, ontoclasm_vaults_bender,
          serial_ice_b, nicolae_vaults_little_squares_3, v_misc_9, v_pattern_1,
          nicolae_vaults_network_star, v_misc_11, nicolae_vaults_meeting,
          ontoclasm_vaults_twist, layout_vaults_ring
Vaults:2: serial_ice_g, nicolae_vaults_big_ls,
          nicolae_vaults_windows_and_doors_thing,
          minmay_crypt_entry_nasty_monster, nicolae_vaults_sealed_display,
          v_misc_9, vaults_dpeg_diagonal, vaults_dpeg_hooks,
          layout_vaults_quadrants, serial_shops, nicolae_shop_crystal,
          uniq_nikola
Vaults:3: nicolae_vaults_little_squares_2, hangedman_vaults_stretched_pinwheel,
          v_misc_16, vaults_dpeg_spiral, v_misc_4, v_misc_26, v_alt_pattern_2,
          nicolae_vaults_little_squares_2, vaults_room_fours,
          layout_vaults_chaotic_city, uniq_saint_roka, uniq_mennas
Vaults:4: st_diamondy, ontoclasm_vaults_ring_square, ontoclasm_vaults_pinch,
          hangedman_vaults_corner_blocks, v_misc_16, v_misc_18,
          ontoclasm_vaults_ring_large, nicolae_vaults_network_quinsquares
          [nicolae_vaults_network_quincunx_subvault,
          nicolae_vaults_network_quincunx_subvault,
          nicolae_vaults_network_quincunx_subvault,
          nicolae_vaults_network_quincunx_subvault], vaults_mumra_hexcomb,
          grunt_vaults_funnel, ontoclasm_vaults_ring_large,
          ontoclasm_vaults_ring_large, nicolae_vaults_network_s, v_misc_14,
          vaults_room_pools, vaults_mumra_hex, layout_vaults_omnibox,
          uniq_sojobo
Vaults:5: uniq_boris
Depths:1: layout_cave_pools, serial_rivers, chequers_serial_rivers_large_b,
          chequers_serial_rivers_micro_c, chequers_serial_rivers_room_a,
          chequers_serial_rivers_micro_a, chequers_serial_rivers_marsh,
          chequers_serial_rivers_small_3, grunt_pan_entry_sceptre,
          abyss_entry_small_statue_room, hell_entry, kennysheep_flooded_box,
          grunt_ministairs_12, minmay_holes, minmay_strange_pillars,
          kennysheep_generic_room_14, uniq_asterion
Depths:2: nooodl_glass_maze, layout_gridlike, pan_entry,
          nicolae_abyss_entry_one_way_or_another,
          nicolae_elyvilon_peaceful_grove, hell_entry, kennysheep_treasure_room
Depths:3: minmay_the_grid_four_pointed_star_mashed
          [minmay_the_grid_triangle_9x9_wacky_v,
          minmay_the_grid_triangle_9x9_descending_squares,
          minmay_the_grid_triangle_9x9_sprig,
          minmay_the_grid_triangle_9x9_steps,
          minmay_the_grid_prize_diamond_cup], layout_cave_shapes,
          enter_ziggurat_f, serial_rivers, chequers_serial_rivers_micro_d,
          chequers_serial_rivers_micro_a, chequers_serial_rivers_micro_c,
          chequers_serial_rivers_small_b, chequers_serial_rivers_small_b,
          hangedman_tar_grid_catacomb, gammafunk_ghost_necromancy, special_room
          [special_room_mythical_zoo], ebering_dispersal_statue_hall,
          abyss_entry, uniq_frederick
Depths:4: grunt_zot_entry_hairpin, layout_gridville, serial_shops, shop,
          grunt_metal_band, nzn_hepliaklqana_mist_gate
Zot:1:    layout_misc_corridors, hangedman_swamp_dais, grunt_megastairs_3
Zot:2:    layout_onion_interference, grunt_ministairs_5, lemuel_baited_zot_trap,
          hangedman_zot_decor_tridents, grunt_megastairs_1
Zot:3:    layout_misc_corridors
Zot:4:    layout_misc_corridors, st_small_dragon_hoard_3
Zot:5:    layout_gridlike

Skill      XL: |  1  2  3  4  5  6  7  8  9 10 11 12 13 14 15 16 17 18 19 20 21 22 23 24 25 26 |
---------------+-------------------------------------------------------------------------------+-----
Spellcasting   | 4 5 6 8 10 11 12 14 15 16 17 19 20 21 22 23 24 25 | 25.7
Armour         | 1 4 5 6 8 9 10 11 12 | 12.0
Fighting       | 1 4 6 7 9 11 12 13 15 16 17 18 | 18.4
Dodging        | 3 5 8 9 10 12 13 14 | 14.5
Evocations     | 2 5 |  5.0
Shields        | 4 6 8 9 |  9.2
Long Blades    | 1 6 9 11 12 | 12.0
Stealth        | |  1.5

Action                   |  1- 3 |  4- 6 |  7- 9 | 10-12 | 13-15 | 16-18 | 19-21 | 22-24 | 25-27 || total
-------------------------+-------+-------+-------+-------+-------+-------+-------+-------+-------++-------
Melee: Dagger            |     4 |     5 |   109 |   145 |     6 |     3 |       |       |       ||   272
       Unarmed           |       |       |     5 |       |       |       |       |       |       ||     5
       Punch             |       |       |     2 |     5 |       |       |       |       |       ||     7
       Broad axe         |       |       |       |       |       |       |     3 |       |       ||     3
       Eudemon blade     |       |       |       |       |       |       |       |   128 |       ||   128
       Staff             |       |       |       |       |       |       |       |       |     1 ||     1
 Cast: Freeze            |    47 |    59 |   125 |   164 |   391 |   126 |    51 |     4 |       ||   967
       Frozen Ramparts   |       |     3 |    32 |    58 |    92 |    28 |    22 |     1 |     1 ||   237
       Slow              |       |     2 |    12 |     2 |     2 |       |       |       |       ||    18
       Passwall          |       |     2 |       |       |       |       |       |       |       ||     2
       Ozocubu's Armour  |       |     1 |    16 |    34 |     8 |     2 |       |       |       ||    61
       Spider Form       |       |       |     1 |       |       |       |       |       |       ||     1
       Tukima's Dance    |       |       |       |    57 |    25 |    17 |     1 |     8 |     2 ||   110
       Hailstorm         |       |       |       |    14 |    15 |     1 |       |       |       ||    30
       Fulminant Prism   |       |       |       |    22 |   132 |    51 |     3 |       |       ||   208
       Lee's Rapid Decon |       |       |       |       |    64 |   447 |   516 |   339 |   127 ||  1493
       Starburst         |       |       |       |       |    27 |    47 |   162 |    64 |     2 ||   302
       Death Channel     |       |       |       |       |       |     2 |       |       |       ||     2
       Iron Shot         |       |       |       |       |       |       |    46 |   155 |   192 ||   393
       Discord           |       |       |       |       |       |       |     2 |    12 |     2 ||    16
       Enfeeble          |       |       |       |       |       |       |       |     2 |     2 ||     4
       Summon Horrible T |       |       |       |       |       |       |       |       |     1 ||     1
 Abil: Evoke Blink       |       |       |       |     1 |     9 |    13 |     2 |       |       ||    25
Evoke: Wand              |       |       |    11 |    15 |     1 |       |       |       |       ||    27
       Lightning rod     |       |       |       |       |       |       |       |     1 |       ||     1
       Phial of floods   |       |       |       |       |       |       |       |     1 |       ||     1
       Condenser vane    |       |       |       |       |       |       |       |     1 |       ||     1
  Use: Scroll            |       |     1 |     7 |     7 |    14 |    11 |     6 |    13 |    13 ||    72
       Potion            |       |       |       |     1 |     4 |     4 |     1 |     8 |     5 ||    23
 Stab: Sleeping          |       |     1 |       |       |       |       |       |       |       ||     1
Armor: Robe              |     3 |     4 |    63 |       |       |       |       |       |       ||    70
       Skin              |       |       |     3 |       |       |       |       |       |       ||     3
       Scale mail        |       |       |    37 |   240 |   176 |   175 |   193 |   138 |    98 ||  1057
Dodge: Dodged            |    26 |    33 |   138 |   135 |   180 |   134 |   114 |    96 |    69 ||   925
Block: Other             |       |     6 |    61 |    64 |    93 |    49 |       |       |       ||   273
       Reflection        |       |     1 |       |     5 |     7 |    11 |     7 |       |       ||    31
       Buckler           |       |       |       |       |       |    58 |   135 |    64 |    37 ||   294

Table legend: (Time is in decaauts)
 A = Elapsed time spent in this place.
 B = Non-inter-level travel time spent in this place.
 C = Inter-level travel time spent in this place.
 D = Time resting spent in this place.
 E = Time spent auto-exploring this place.
 F = Levels seen in this place.
 G = Mean time per level.
                   A        B        C        D        E       F      G
               +--------+--------+--------+--------+--------+-----+--------+
         Total |  70216 |  66976 |   3240 |   7086 |  48978 |  48 | 1462.8 |
       Dungeon |  26648 |  25388 |   1260 |    791 |  21415 |  15 | 1776.5 |
        Temple |     70 |     47 |     23 |      0 |     40 |   1 |   70.0 |
          Lair |  11055 |  10303 |    752 |    820 |   7977 |   6 | 1842.5 |
     Snake Pit |   6281 |   5980 |    301 |    338 |   4802 |   4 | 1570.2 |
   Spider Nest |   7114 |   6911 |    203 |   1507 |   4570 |   4 | 1778.5 |
  Orcish Mines |   4656 |   4513 |    143 |   1505 |   1904 |   2 | 2328.0 |
        Vaults |   8069 |   7775 |    294 |    679 |   5499 |   5 | 1613.8 |
        Depths |   3605 |   3344 |    261 |    252 |   2386 |   4 |  901.2 |
           Zot |   1187 |   1187 |      0 |    289 |    308 |   5 |  237.4 |
       Volcano |    938 |    938 |      0 |    639 |     54 |   1 |  938.0 |
      Gauntlet |    588 |    588 |      0 |    266 |     23 |   1 |  588.0 |
               +--------+--------+--------+--------+--------+-----+--------+

Top non-repeatable levels by time:
   Orc:2: 3861 daAuts
  Lair:6: 2796 daAuts
    D:13: 2774 daAuts
     D:2: 2493 daAuts
Spider:2: 2392 daAuts
    D:12: 2263 daAuts
     D:9: 2260 daAuts
Spider:4: 2217 daAuts
 Snake:4: 2134 daAuts
     D:5: 2121 daAuts
  Lair:5: 2119 daAuts
  Lair:2: 1905 daAuts
    D:11: 1869 daAuts
Vaults:4: 1816 daAuts
     D:7: 1791 daAuts

Table legend:
 A = Kills in this place as a percentage of kills in entire the game.
 B = Kills by you in this place as a percentage of kills by you in the entire game.
 C = Kills by friends in this place as a percentage of kills by friends in the entire game.
 D = Other kills in this place as a percentage of other kills in the entire game.
 E = Experience gained in this place as a percentage of experience gained in the entire game.
 F = Experience gained in this place divided by the number of levels of this place that you have seen.
                   A       B       C       D       E      F
               +-------+-------+-------+-------+-------+----------------------
         Total | 100.0 | 100.0 | 100.0 | 100.0 | 100.0 | 20905.7
       Dungeon |  25.0 |  25.4 |  17.9 |  14.3 |  12.7 | 8475.6
          Lair |   9.6 |  10.1 |   0.0 |   0.0 |   6.9 | 11463.0
     Snake Pit |   9.2 |   9.7 |   0.0 |   0.0 |   9.9 | 24840.8
   Spider Nest |  12.8 |  13.3 |   1.2 |  14.3 |  10.3 | 25740.2
  Orcish Mines |   8.3 |   8.2 |  11.9 |   0.0 |   2.0 | 10100.5
        Vaults |  21.6 |  19.3 |  65.5 |  71.4 |  32.7 | 65672.2
        Depths |   8.4 |   8.8 |   0.0 |   0.0 |  13.5 | 33954.5
           Zot |   4.0 |   4.0 |   3.6 |   0.0 |  10.8 | 21577.0
       Volcano |   0.7 |   0.8 |   0.0 |   0.0 |   0.7 | 6620.0
      Gauntlet |   0.4 |   0.4 |   0.0 |   0.0 |   0.6 | 6353.0
               +-------+-------+-------+-------+-------+----------------------
